 Dungeon Crawl Stone Soup version 0.28.0-47-ge53b351184 (webtiles) character file.

Game seed: 6484492471659912928

80 testaccount2 the Magician (level 4, 0/21 HPs)
             Began as a Deep Elf Hedge Wizard on May 9, 2022.
             Slain by a gnoll
             ... wielding a +0 whip
              (4 damage)
             ... on level 3 of the Dungeon.
             The game lasted 00:18:10 (3548 turns).

testaccount2 the Magician (Deep Elf Hedge Wizard)   Turns: 3548, Time: 00:18:12

Health: 0/21       AC:  2    Str:  7    XL:     4   Next: 18%
Magic:  1/13       EV: 12    Int: 21    God:
Gold:   83         SH:  0    Dex: 14    Spells: 7/13 levels left

rFire   + . .      SeeInvis .   k - +1 dagger (venom)
rCold   . . .      Faith    .   (no shield)
rNeg    + . .      Spirit   .   b - +0 robe
rPois   .          Reflect  .   (helmet restricted)
rElec   .          Harm     .   (no cloak)
rCorr   .          Rampage  .   (no gloves)
Will    .....                   (no boots)
Stlth   ++........              (no amulet)
HPRegen 0.07/turn               i - ring of positive energy
MPRegen 0.13/turn               j - ring of protection from fire

@: attractive, on blink cooldown
A: hooves 1, horns 1, frail 1
a: no special abilities


You were on level 3 of the Dungeon.
You visited 1 branch of the dungeon, and saw 3 of its levels.

You collected 83 gold pieces.

Inventory:

Hand Weapons
 k - a +1 dagger of venom (weapon)
Armour
 a - a +0 helmet
 b - a +0 robe (worn)
Jewellery
 i - a ring of positive energy (left hand)
 j - a ring of protection from fire (right hand)
 o - a ring of wizardry
Scrolls
 d - a scroll of enchant weapon {unknown}
 f - 2 scrolls of enchant armour {unknown}
 g - 3 scrolls of identify {unknown}
 m - a scroll of acquirement {unknown}
 p - a scroll of amnesia {unknown}
 q - a scroll of vulnerability {unknown}
Potions
 e - a potion of mutation
 l - a potion of flight


   Skills:
 - Level 2.6 Dodging
 - Level 2.4 Stealth
 - Level 5.0 Spellcasting
 * Level 3.7 Conjurations
 - Level 1.1 Summonings
 * Level 1.5 Translocations
 * Level 0.3 Fire Magic


You had 7 spell levels left.
You knew the following spells:

 Your Spells              Type           Power      Damage    Failure   Level
a - Magic Dart            Conj           80%        1d7       2%          1
b - Blink                 Tloc           22%        N/A       9%          2
c - Conjure Flame         Conj/Fire      13%        6-21      14%         3

Your spell library contained the following spells:

 Spells                   Type           Power      Damage    Failure   Level
 Freeze                   Ice            20%        1d4       11%         1
 Slow                     Hex            20%        N/A       11%         1
 Call Imp                 Summ           9%         N/A       11%         2
 Sublimation of Blood     Necr           5%         N/A       16%         2
 Wereblood                Tmut           5%         N/A       16%         2
 Mephitic Cloud           Conj/Pois/Air  10%        N/A       21%         3
 Frozen Ramparts          Ice            10%        1d3       32%         3
 Hailstorm                Conj/Ice       13%        3d5       45%         4
 Summon Hydra             Summ           4%         N/A       100%        7


Dungeon Overview and Level Annotations

Branches:
Dungeon (3/15)

Altars:

Annotations:
D:3 exclusion: 2 gnolls


Innate Abilities, Weirdness & Mutations

You have large cloven feet.
You have a pair of small horns on your head.
You are frail. (-10% HP)


Message History

It was a potion of mutation.
You feel extremely strange.
Your feet thicken and deform.
You feel frail. A pair of horns grows on your head!
Your +0 helmet falls away!
You feel stable enough to blink again.
Casting: Magic Dart (safe; 2% risk of failure)
Confirm with . or Enter, or press ? or * to list all spells.
Aiming: Magic Dart (safe; 2% risk of failure)
Press: ? - help, Shift-Dir - straight line, f - gnoll
Aim: a gnoll, wielding a +0 whip (100% to hit)
The magic dart hits the gnoll.
The gnoll is heavily wounded.
Casting: Magic Dart (safe; 2% risk of failure)
Confirm with . or Enter, or press ? or * to list all spells.
You blink.
It was a potion of brilliance.
You feel clever all of a sudden.
Casting: Blink (safe; 9% risk of failure)
Confirm with . or Enter, or press ? or * to list all spells.
Okay, then.
It was a potion of cancellation.
Your magical effects are unravelling.
You feel magically purged.
You feel a little less clever now.
You feel stable enough to blink again.
Casting: Blink (safe; 9% risk of failure)
Confirm with . or Enter, or press ? or * to list all spells.
You blink.
It was a potion of attraction.
You feel attractive to monsters. The gnoll is attracted toward you.
Casting: Blink (safe; 9% risk of failure)
Confirm with . or Enter, or press ? or * to list all spells.
Aiming: Magic Dart (safe; 2% risk of failure)
Press: ? - help, Shift-Dir - straight line, f/p - gnoll
Aim: a gnoll, wielding a +0 whip (heavily wounded, 100% to hit)
The magic dart hits the gnoll.
The gnoll is severely wounded.
The gnoll hits you with a +0 whip.
You die...

#####..........# #.# #.#
....#..........########.####.#
....'..........'.....).)...>.#
###.#..........#############.#
#.#..........# #.#
#.########################.#
#.# #..................#
#.#######.##################
#.##......(.§g@..#
#.##.....§.......#
#.##........)....#
#.............#
######.######## ###.#
+...#############
###.............#
#.............#


You could see a gnoll.

Vanquished Creatures
  2 gnolls (D:3)
  An adder (D:2)
  A worm (D:2)
  2 dart slugs
  3 endoplasms
  2 giant cockroaches
  4 goblins
  3 hobgoblins
  6 kobolds
  2 quokkas
  2 ball pythons
  8 bats
  4 frilled lizards
  5 rats
45 creatures vanquished.

Vanquished Creatures (others)
  2 plants (D:1)
2 creatures vanquished.

Grand Total: 47 creatures vanquished

Notes
Turn   | Place    | Note
-------+----------+-------------------------------------------
     0 | D:1      | testaccount2 the Deep Elf Hedge Wizard began the quest for
                  | the Orb.
     0 | D:1      | Reached XP level 1. HP: 10/10 MP: 7/7
   118 | D:1      | Found a faded altar of an unknown god.
   599 | D:1      | Reached skill level 5 in Spellcasting
   599 | D:1      | Reached XP level 2. HP: 15/15 MP: 6/10
  1590 | D:2      | Reached XP level 3. HP: 18/19 MP: 8/11
  2233 | D:2      | Learned a level 2 spell: Blink
  3137 | D:2      | Learned a level 3 spell: Conjure Flame
  3268 | D:3      | Reached XP level 4. HP: 24/24 MP: 5/13
  3538 | D:3      | Gained mutation: You have large cloven feet. [potion of
                  | mutation]
  3538 | D:3      | Gained mutation: You are frail. (-10% HP) [potion of
                  | mutation]
  3538 | D:3      | Gained mutation: You have a pair of small horns on your
                  | head. [potion of mutation]
  3548 | D:3      | Slain by a gnoll

Illustrated notes

Levels and vault maps discovered:
D:1:      ncdulo_smallfort, layout_loops_ring, serial_forest,
          infiniplex_forest_clump_tiny, infiniplex_forest_clump_cross,
          infiniplex_forest_straight_1, infiniplex_forest_clump_curved,
          infiniplex_forest_lined_3, ebering_ecumenical_altar_mist
D:2:      layout_basic, serial_curves, eino_curves_03, eino_curves_01,
          skrybe_limestone_x, grunt_decor_clamped,
          minmay_fractal_squares_gapless_5
D:3:      layout_basic

Skill      XL: |  1  2  3 |
---------------+----------+-----
Spellcasting   | 5 |  5.0
Conjurations   | 2 3 |  3.7
Dodging        | |  2.6
Stealth        | |  2.4
Summonings     | |  1.1
Translocations | |  1.5
Fire Magic     | |  0.3

Action                   |  1- 3 |  4- 6 || total
-------------------------+-------+-------++-------
Melee: Dagger            |     3 |       ||     3
 Cast: Magic Dart        |   122 |    13 ||   135
       Blink             |       |     3 ||     3
  Use: Potion            |     2 |     4 ||     6
Armor: Robe              |     3 |       ||     3
Dodge: Dodged            |    22 |       ||    22
